 Dungeon Crawl Stone Soup version 0.28-a0-804-g60983d4ba9 (webtiles) character file.

Game seed: 4167372144789387246

13499 jasper the Frost Mage (level 11, -2/78 HPs)
             Began as a Demonspawn Cinder Acolyte on Nov 7, 2021.
             Was an Initiate of Ashenzari.
             Slain by a seven-headed hydra (6 damage)
             ... on level 1 of the Lair of Beasts.
             The game lasted 00:25:42 (12852 turns).

jasper the Frost Mage (Demonspawn Cinder Acolyte)  Turns: 12852, Time: 00:25:42

Health: -2/78      AC: 13    Str: 15    XL:     11   Next: 76%
Magic:  18/21      EV: 10    Int: 26    God:    Ashenzari [......]
Gold:   414        SH:  0    Dex:  3    Spells: 0/24 levels left

rFire   . . .      SeeInvis .   e - staff of cold
rCold   + + .      Faith    .   (no shield)
rNeg    . . .      Spirit   .   I - +0 ring mail of Gozag's Hope {Int+7 Dex-5}
rPois   .          Reflect  .   m - +2 hat
rElec   .          Harm     .   (no cloak)
rCorr   .          Rampage  .   (no gloves)
Will    .....                   i - +1 pair of boots
Stlth   ..........              u - amulet of regeneration
HPRegen 1.23/turn               v - ring of ice
MPRegen 0.17/turn               C - ring of protection from fire

@: mighty, freezing walls, fire susceptible
A: hooves 1, slimy green scales 2, powered by death 1, powered by pain 2
a: Renounce Religion


You were on level 1 of the Lair of Beasts.
You worshipped Ashenzari.
Ashenzari was noncommittal.
You visited 3 branches of the dungeon, and saw 12 of its levels.
You also visited: Bailey.

You collected 632 gold pieces.
You spent 218 gold pieces at shops.

Inventory:

Hand Weapons
 a - a +0 spectral spear
Missiles
 h - 81 poisoned darts
 x - 172 stones
 G - 2 throwing nets
Armour
 b - a +1 robe
 c - a +1 leather armour of cold resistance
 i - a +1 pair of boots (worn)
 m - a +2 hat (worn)
 r - a +2 kite shield
 I - the +0 ring mail of Gozag's Hope (worn) {Int+7 Dex-5}
   (You found it on level 5 of the Dungeon)

   Int:       It affects your intelligence (+7).
   Dex:       It affects your dexterity (-5).
 R - a +0 buckler
Magical Staves
 e - a staff of cold (weapon)
 f - a staff of earth
 O - a staff of fire
Jewellery
 g - an amulet of guardian spirit
 l - a +6 ring of strength
 u - an amulet of regeneration (around neck)
 v - a ring of ice (left hand)
 C - a ring of protection from fire (right hand)
 E - a ring of protection from cold
 H - a +6 ring of strength
 J - a ring of flight
 M - a ring of positive energy
 P - an amulet of magic regeneration
 T - a ring of wizardry
 W - an amulet of reflection
Wands
 p - a wand of flame (20)
 y - a wand of paralysis (9)
 Q - a wand of iceblast (8)
Scrolls
 j - 3 scrolls of noise
 s - 5 scrolls of amnesia
 t - a scroll of fear
 A - 3 scrolls of enchant weapon
 D - 6 scrolls of teleportation
 K - a scroll of brand weapon
 S - 2 scrolls of enchant armour
 V - a scroll of fog
Potions
 d - 3 potions of magic
 k - 3 potions of attraction
 n - 5 potions of haste
 o - a potion of curing
 q - a potion of ambrosia
 w - 2 potions of degeneration
 z - 2 potions of brilliance
 B - a potion of invisibility
 F - 3 potions of lignification
 L - a potion of cancellation
 N - 2 potions of flight {unknown}
 U - 2 potions of mutation {unknown}


   Skills:
 - Level 4.3 Fighting
 - Level 2.6 Polearms
 - Level 6.0 Armour
 - Level 4.0 Shields
 - Level 7.0 Spellcasting
 - Level 8.0 Conjurations
 - Level 3.1 Necromancy
 - Level 5.1 Fire Magic
 * Level 10.7 Ice Magic


You couldn't memorise any spells.
You knew the following spells:

 Your Spells              Type           Power      Damage    Failure   Level
a - Scorch                Fire           70%        2d8       1%          2
b - Freeze                Ice            100%       1d11      1%          1
c - Sublimation of Blood  Necr           25%        N/A       4%          2
d - Frozen Ramparts       Ice            100%       1d12      1%          3
e - Hailstorm             Conj/Ice       92%        3d18      2%          4
f - Ozocubu's Armour      Ice            98%        N/A       1%          3
g - Ozocubu's Refrigerat  Ice            49%        4d14      75%         7
h - Searing Ray           Conj           100%       2d8       1%          2

Your spell library contained the following spells:

 Spells                   Type           Power      Damage    Failure   Level
 Magic Dart               Conj           100%       1d8       1%          1
 Static Discharge         Conj/Air       29%        N/A       3%          2
 Stone Arrow              Conj/Erth      58%        3d10      6%          3
 Sticky Flame             Conj/Fire      43%        2d6       8%          4
 Slow                     Hex            36%        N/A       11%         1
 Wereblood                Tmut           9%         N/A       17%         2
 Fulminant Prism          Conj/Hex       14%        3d9       22%         4
 Iskenderun's Mystic Bla  Conj/Tloc      29%        2d7       22%         4
 Dispel Undead            Necr           25%        3d12      30%         4
 Confusing Touch          Hex            9%         N/A       32%         3
 Animate Armour           Summ/Erth      18%        N/A       73%         4
 Lee's Rapid Deconstruct  Erth           4%         3d6*      97%         5
 Yara's Violent Unravell  Hex/Tmut       4%         3d4       97%         5
 Conjure Ball Lightning   Conj/Air       14%        3x3d6     97%         6
 Summon Hydra             Summ           4%         N/A       100%        7
 Discord                  Hex            4%         N/A       100%        8
 Disjunction              Tloc           4%         N/A       100%        8
 Lehudib's Crystal Spear  Conj/Erth      14%        10d5      100%        8


Dungeon Overview and Level Annotations

Branches:
Dungeon (9/15)             Temple (1/1) D:4            Lair (2/6) D:9
    Orc (0/2) D:9          Bailey (visited)
  Swamp: Lair:2-4    Shoals: Lair:2-4     Snake: Lair:2-4    Spider: Lair:2-4

Altars:
Ashenzari
Cheibriados
Fedhas
Gozag
Hepliaklqana
Makhleb
Nemelex Xobeh
Okawaru
Ru
Sif Muna
Trog
Uskayaw
Wu Jian
Xom
Yredelemnul

Shops:
D:1 [   D:3 [**


Innate Abilities, Weirdness & Mutations

You have large cloven feet.
You are mostly covered in slimy green scales. (AC +3)
You regenerate a little health from kills.
You sometimes gain power by taking damage.


Message History

The seven-headed hydra bites you.
The seven-headed hydra closely misses you. x2
The seven-headed hydra bites you! The wolf bites you.
You take 38 damage, and have 27/78 hp.
MASSIVE DAMAGE!!
Casting: Frozen Ramparts (safe; 1% risk of failure)
Confirm with . or Enter, or press ? or * to list all spells.
Casting: Frozen Ramparts (safe; 1% risk of failure)
Press: ? - help, Dir - look around, f - activate
Okay, then.
The wolf completely misses you.
Casting: Frozen Ramparts (safe; 1% risk of failure)
Confirm with . or Enter, or press ? or * to list all spells.
Casting: Frozen Ramparts (safe; 1% risk of failure)
Press: ? - help, Dir - look around, f - activate You feel a strong surge of power!
The walls around you are covered in ice.
The wall freezes the wolf.
The wall freezes the seven-headed hydra.
The seven-headed hydra bites you!
* * * LOW HITPOINT WARNING * * *
The seven-headed hydra bites you!
* * * LOW HITPOINT WARNING * * *
The seven-headed hydra bites you.
* * * LOW HITPOINT WARNING * * *
The seven-headed hydra closely misses you.
The seven-headed hydra bites you.
* * * LOW HITPOINT WARNING * * *
The seven-headed hydra barely misses you.
The seven-headed hydra closely misses you.
You take 26 damage, and have 3/78 hp.
MASSIVE DAMAGE!!
You now have 18/21 mp.
Okay, then.
As you read the scroll of fear, it crumbles to dust.
You assume a fearsome visage.
The seven-headed hydra resists with some effort.
The wall freezes the wolf!
The wall freezes the seven-headed hydra!
The seven-headed hydra seems to slow down.
The seven-headed hydra closely misses you.
The seven-headed hydra bites you.
You die...

###......# ##..## #.#......###
###...# ##.......#.# #...###
#####........## ##### ####.##
.#............####.8.###.#..# ###
...............##.....###..## #..
...#............#8.>.8##...# ##.
................#D..†....P## #P.
.##.............@#...##..## ##.
..#.....#..##....#...##.#######..
###....##.....###.....#.......##.
###....#.#.............#...#.#.#.
##.....+.........#.....#.......'.
##.........8.....#.8...'...8...#.
#......+.............#.##......+.
###....#..##...#.#...#.#.#......#
####...#......##.......##.....###


You could see a seven-headed hydra (slow).

Vanquished Creatures
  A boulder beetle (Lair:1)
  Harold (D:7)
  2 hydras
  2 two-headed ogres
  A sixfirhy (D:9)
  Pikel (D:4)
  4 cane toads (Lair:1)
  2 komodo dragons (Lair:1)
  A rime drake (Lair:1)
  A polar bear (Lair:1)
  A troll (D:9)
  Prince Ribbit (D:7)
  Grinder (D:4)
  A wyvern (D:9)
  12 yaks
  2 steam dragons
  4 water moccasins
  2 ice beasts
  2 sky beasts
  4 orc warriors
  2 centaurs
  2 ogres (D:5)
  10 wolves
  A phantom (D:6)
  3 lemures (D:4)
  A bullfrog (D:7)
  2 gnoll sergeants
  A water moccasin skeleton (D:4)
  8 wights
  5 hounds
  3 jellies
  2 centaur zombies (D:8)
  6 orc priests
  A centaur skeleton (D:6)
  3 iguanas
  7 orc wizards
  Natasha (thrice) (D:4)
  A killer bee zombie (D:4)
  A howler monkey skeleton (D:7)
  9 gnolls
  6 adders
  A shadow imp (D:8)
  A white imp (D:6)
  An adder skeleton (D:4)
  3 worms (D:3)
  2 dart slugs
  32 orcs
  5 ball pythons
  9 bats
  6 endoplasms
  6 giant cockroaches
  12 goblins
  8 hobgoblins
  3 jackals (D:2)
  5 kobolds
  4 quokkas
  3 frilled lizards (D:1)
  4 rats
228 creatures vanquished.

Vanquished Creatures (others)
  81 foxfires
  A fungus (Lair:2)
  11 plants (D:4)
93 creatures vanquished.

Grand Total: 321 creatures vanquished

Notes
Turn   | Place    | Note
-------+----------+-------------------------------------------
     0 | D:1      | jasper the Demonspawn Cinder Acolyte began the quest for
                  | the Orb.
     0 | D:1      | Reached XP level 1. HP: 18/18 MP: 2/2
    49 | D:1      | Found a faded altar of an unknown god.
   164 | D:1      | Gained mutation: You sometimes gain a little power by
                  | taking damage. [demonic ancestry]
   164 | D:1      | Reached XP level 2. HP: 22/24 MP: 3/3
   610 | D:1      | Learned a level 2 spell: Scorch
   914 | D:1      | Found Pinlicsi's Antique Armour Emporium.
   922 | D:1      | Gained mutation: You are partially covered in slimy green
                  | scales. (AC +2) [demonic ancestry]
   922 | D:1      | Reached XP level 3. HP: 29/29 MP: 1/4
  2145 | D:2      | Found a hide-covered altar of Uskayaw.
  2424 | D:2      | Gained mutation: You have large cloven feet. [demonic
                  | ancestry]
  2424 | D:2      | Reached XP level 4. HP: 35/35 MP: 0/5
  2647 | D:3      | Found Zeffad's Antique Armour Emporium.
  2960 | D:3      | Reached skill level 5 in Fire Magic
  3085 | D:3      | Learned a level 1 spell: Freeze
  3088 | D:3      | Learned a level 2 spell: Sublimation of Blood
  3170 | D:3      | Found an ornate altar of the Wu Jian Council.
  3249 | D:3      | Found Zaegayne's General Store.
  3260 | D:3      | Bought a potion of curing for 42 gold pieces
  3292 | D:3      | Found Aranag Xuot's Assorted Antiques.
  3464 | D:3      | Gained mutation: You regenerate a little health from kills.
                  | [demonic ancestry]
  3464 | D:3      | Reached XP level 5. HP: 35/41 MP: 1/6
  3554 | D:3      | Reached skill level 1 in Armour
  3554 | D:3      | Reached skill level 1 in Ice Magic
  3656 | D:3      | Reached skill level 2 in Ice Magic
  3671 | D:3      | Reached XP level 6. HP: 32/47 MP: 1/9
  3677 | D:3      | Learned a level 3 spell: Frozen Ramparts
  3970 | D:4      | Reached skill level 3 in Ice Magic
  4047 | D:4      | Noticed Natasha
  4057 | D:4      | Killed Natasha
  4173 | D:4      | Gained mutation: You are mostly covered in slimy green
                  | scales. (AC +3) [demonic ancestry]
  4173 | D:4      | Reached XP level 7. HP: 52/52 MP: 4/10
  4339 | D:4      | Noticed Pikel
  4348 | D:4      | Killed Pikel
  4349 | D:4      | Reached skill level 4 in Ice Magic
  4358 | D:4      | Noticed Natasha
  4378 | D:4      | Killed Natasha
  4413 | D:4      | Noticed Natasha
  4527 | D:4      | Learned a level 4 spell: Hailstorm
  4576 | D:4      | Killed Natasha
  4577 | D:4      | Reached skill level 5 in Ice Magic
  4577 | D:4      | Reached XP level 8. HP: 52/58 MP: 9/13
  4578 | D:4      | Noticed Grinder
  4580 | D:4      | Paralysed by Grinder for 6 turns
  4618 | D:4      | Killed Grinder
  4784 | D:4      | Found a sparkling altar of Nemelex Xobeh.
  4784 | D:4      | Found a sacrificial altar of Ru.
  5325 | D:4      | Found a staircase to the Ecumenical Temple.
  5352 | D:4      | Found a blossoming altar of Fedhas.
  5387 | D:5      | Entered Level 5 of the Dungeon
  5768 | D:5      | Reached skill level 1 in Necromancy
  5769 | D:5      | Reached skill level 1 in Conjurations
  5769 | D:5      | Reached skill level 6 in Ice Magic
  5890 | D:5      | Identified the +0 ring mail of Gozag's Hope {Int+7 Dex-5}
  6833 | D:6      | Reached XP level 9. HP: 66/66 MP: 11/16
  7310 | D:7      | Reached skill level 5 in Spellcasting
  7313 | D:7      | Found a flagged portal.
  7330 | Bailey   | Entered a bailey
  7423 | Bailey   | Learned a level 3 spell: Ozocubu's Armour
  7614 | D:7      | Noticed Harold
  7627 | D:7      | Killed Harold
  7843 | D:7      | Reached skill level 5 in Conjurations
  8206 | D:7      | Noticed Prince Ribbit
  8217 | D:7      | Killed Prince Ribbit
  8414 | D:3      | Bought a runed scarf for 176 gold pieces
  8829 | D:8      | Noticed a two-headed ogre
  8836 | D:8      | Killed a two-headed ogre
  8837 | D:8      | Gained mutation: You sometimes gain power by taking damage.
                  | [demonic ancestry]
  8837 | D:8      | Reached XP level 10. HP: 42/73 MP: 15/19
  8988 | D:8      | Reached skill level 5 in Armour
  9282 | D:8      | Found a hazy altar of Hepliaklqana.
  9381 | D:8      | Found an iron altar of Okawaru.
  9776 | D:9      | Found a staircase to the Lair.
  9882 | D:9      | Found a staircase to the Orcish Mines.
  9900 | D:9      | Noticed a two-headed ogre
  9907 | D:9      | Killed a two-headed ogre
 10024 | D:9      | Found a snail-covered altar of Cheibriados.
 10131 | D:9      | Found a shimmering altar of Xom.
 10234 | D:9      | Found an opulent altar of Gozag.
 10474 | D:9      | Found a runed translucent door.
 10475 | D:9      | Found a burning altar of Makhleb.
 10475 | D:9      | Noticed a sixfirhy
 10481 | D:9      | Killed a sixfirhy
 10482 | D:9      | Reached skill level 7 in Ice Magic
 10690 | Lair:1   | Entered Level 1 of the Lair of Beasts
 10706 | D:9      | HP: 3/73 [wolf (2)]
 10710 | D:9      | Reached skill level 1 in Shields
 10849 | Lair:1   | Reached XP level 11. HP: 68/78 MP: 7/21
 10853 | Lair:1   | Reached skill level 8 in Ice Magic
 11234 | Lair:1   | Noticed a seven-headed hydra
 11243 | Lair:1   | Killed a seven-headed hydra
 11244 | Lair:1   | Reached skill level 9 in Ice Magic
 11639 | Lair:1   | Identified the +8 bardiche of the Eternal Warrior {holy,
                  | rF+}
 12310 | Temple   | Entered the Ecumenical Temple
 12319 | Temple   | Learned a level 7 spell: Ozocubu's Refrigeration
 12322 | Temple   | Learned a level 2 spell: Searing Ray
 12333 | Temple   | Fell from the grace of Ignis
 12333 | Temple   | Became a worshipper of Ashenzari the Shackled
 12494 | Lair:2   | Noticed a four-headed hydra
 12506 | Lair:2   | Killed a four-headed hydra
 12507 | Lair:2   | Reached skill level 10 in Ice Magic
 12710 | Lair:2   | Noticed a boulder beetle
 12715 | Lair:2   | Noticed a seven-headed hydra
 12727 | Lair:1   | Killed a boulder beetle
 12851 | Lair:1   | HP: 3/78 [seven-headed hydra (3)]
 12852 | Lair:1   | Slain by a seven-headed hydra

Illustrated notes

Levels and vault maps discovered:
D:1:      roderic_dead_forest, layout_basic,
          shapermc_ecumenical_altar_starsandcircs, serial_shops,
          nicolae_shop_temple_entry_statues_fountains, minmay_tall_x
D:2:      layout_loops_corners, basic_altar, guppyfry_early_orc_mine
D:3:      layout_basic, nicolae_wu_jian_immortal_techniques, serial_shops, shop,
          nicolae_square_shop, nicolae_lakefront_shop,
          cheibrodos_sewer_entry_drain
D:4:      layout_loops_cross, fedhas_altar_decomposition,
          gammafunk_temple_overflow_wave, minmay_temple_entry_statues,
          nicolae_ossuary_entry_plus, uniq_grinder, uniq_natasha, uniq_pikel
D:5:      layout_cave_pools, hangedman_decor_slide_cut, roderic_roman_lattice,
          kennysheep_boxes
D:6:      layout_loops_ring
D:7:      layout_gridville, lightli_bailey_entry_fortress, uniq_prince_ribbit1,
          uniq_harold
D:8:      layout_basic, mainiacjoe_overflow_catch_the_wave,
          lemuel_another_geyser
D:9:      layout_gridville, general_overflow_altar, kennysheep_slug_shrine,
          marbit_many_paths, nzn_makhleb_speed_demon, lair_entry_dummy,
          david_orc_3, hex_tiny, item_on_display_a
Temple:   nicolae_temple_hex_pool
Lair:1:   layout_cave_pods, grunt_megastairs_1
Lair:2:   layout_gridlike, nzn_masters_of_martial_movement, lemuel_fruit_tree

Skill      XL: |  1  2  3  4  5  6  7  8  9 10 11 |
---------------+----------------------------------+-----
Fire Magic     | 3 4 5 |  5.1
Armour         | 1 2 3 4 6 |  6.0
Ice Magic      | 2 3 5 6 7 10 | 10.7
Spellcasting   | 2 3 4 6 7 |  7.0
Necromancy     | 3 |  3.1
Conjurations   | 2 6 8 |  8.0
Fighting       | 4 |  4.3
Shields        | 2 4 |  4.0
Polearms       | |  2.6

Action                   |  1- 3 |  4- 6 |  7- 9 | 10-12 || total
-------------------------+-------+-------+-------+-------++-------
Melee: Spear             |   110 |    28 |       |       ||   138
       Staff             |       |    10 |    16 |    15 ||    41
 Cast: Scorch            |    29 |    26 |    39 |    15 ||   109
       Freeze            |       |    20 |   118 |   102 ||   240
       Frozen Ramparts   |       |       |    12 |    24 ||    36
       Hailstorm         |       |       |     6 |    11 ||    17
       Ozocubu's Armour  |       |       |     3 |    11 ||    14
       Sublimation of Bl |       |       |     1 |     1 ||     2
Invok: Foxfire Swarm     |       |     3 |     2 |       ||     5
Evoke: Wand              |       |       |     3 |       ||     3
  Use: Scroll            |     8 |     1 |    11 |     2 ||    22
       Potion            |       |       |       |     4 ||     4
Armor: Robe              |    20 |       |       |       ||    20
       Leather armour    |    22 |    15 |    35 |       ||    72
       Ring mail         |       |       |    44 |   112 ||   156
Dodge: Dodged            |    65 |    23 |    79 |   114 ||   281

Table legend: (Time is in decaauts)
 A = Elapsed time spent in this place.
 B = Non-inter-level travel time spent in this place.
 C = Inter-level travel time spent in this place.
 D = Time resting spent in this place.
 E = Time spent auto-exploring this place.
 F = Levels seen in this place.
 G = Mean time per level.
                   A        B        C        D        E       F      G
               +--------+--------+--------+--------+--------+-----+--------+
         Total |  12876 |  12138 |    738 |   1257 |   8988 |  13 |  990.5 |
       Dungeon |  10906 |  10297 |    609 |    832 |   7812 |   9 | 1211.8 |
        Temple |     35 |     24 |     11 |      0 |      0 |   1 |   35.0 |
          Lair |   1803 |   1686 |    117 |    325 |   1175 |   2 |  901.5 |
        Bailey |    130 |    130 |      0 |    100 |      1 |   1 |  130.0 |
               +--------+--------+--------+--------+--------+-----+--------+

Top non-repeatable levels by time:
  Lair:1: 1663 daAuts
     D:4: 1545 daAuts
     D:3: 1413 daAuts
     D:1: 1318 daAuts
     D:2: 1288 daAuts
     D:9: 1272 daAuts
     D:7: 1112 daAuts
     D:6: 1080 daAuts
     D:8: 1068 daAuts
     D:5: 806 daAuts
  Lair:2: 140 daAuts
  Bailey: 130 daAuts
  Temple: 35 daAuts
